 Dungeon Crawl Stone Soup version 0.30-a0-1164-ge08a67761e (webtiles) character file.

Game seed: 8868489230589124077

221 graymark the Covered (level 5, -5/47 HPs)
             Began as a Minotaur Fighter on Apr 29, 2023.
             Was an Initiate of Okawaru.
             Slain by a gnoll bouda
             ... wielding a +0 whip
              (7 damage)
             ... on level 4 of the Dungeon.
             The game lasted 00:03:13 (2223 turns).

graymark the Covered (Minotaur Fighter)             Turns: 2223, Time: 00:03:14

Health: -5/47      AC:  8    Str: 22    XL:     5   Next: 65%
Magic:  4/4        EV: 10    Int:  5    God:    Okawaru [......]
Gold:   208        SH:  4    Dex: 10    Spells: 4/4 levels left

rFire   . . .        a - +0 war axe
rCold   . . .        c - +0 buckler
rNeg    . . .        b - +1 scale mail
rPois   .            (helmet restricted)
rElec   .            (no cloak)
rCorr   .            (no gloves)
SInv    .            (no boots)
Will    .....        (no amulet) Stlth
                     (no ring)
HPRegen 0.27/turn    (no ring)
MPRegen 0.09/turn

%: no passive effects
@: weakened
A: horns 2, retaliatory headbutt
a: Renounce Religion


You were on level 4 of the Dungeon.
You worshipped Okawaru.
Okawaru was noncommittal.
You visited 1 branch of the dungeon, and saw 4 of its levels.

You collected 208 gold pieces.

Inventory:

Hand Weapons
 a - a +0 war axe (weapon)
Armour
 b - a +1 scale mail (worn)
 c - a +0 buckler (worn)
Scrolls
 f - 2 scrolls of amnesia {unknown}
 g - 3 scrolls of identify
 h - a scroll of immolation {unknown}
 j - a scroll of fear {unknown}
 k - a scroll of torment {unknown}
 n - a scroll of magic mapping {unknown}
Potions
 d - a potion of might
 e - 3 potions of brilliance
 i - a potion of curing
 l - a potion of lignification {unknown}
 m - 2 potions of attraction {unknown}


   Skills:
 + Level 4.7 Fighting
 + Level 3.8 Axes
 + Level 4.7 Armour
 + Level 2.5 Dodging
 + Level 4.7 Shields


You had 4 spell levels left.
You didn't know any spells.
Your spell library contained the following spells:

 Spells                   Type           Power      Damage    Failure   Level
 Dazzling Flash           Conj/Hex       0%         N/A       99%         3
 Ozocubu's Armour         Ice            0%         N/A       99%         3
 Volatile Blastmotes      Fire/Tloc      0%         2d10      99%         3
 Iskenderun's Mystic Bla  Conj/Tloc      0%         2d3       100%        4
 Metabolic Englaciation   Hex/Ice        0%         N/A       100%        5
 Starburst                Conj/Fire      0%         6d3       100%        6
 Simulacrum               Ice/Necr       Unusable   N/A       N/A         6

Dungeon Overview and Level Annotations

Branches:
Dungeon (4/15)
 Temple: D:4-7

Altars:
Okawaru

Annotations:
D:3 1 exclusion


Innate Abilities, Weirdness & Mutations

You have a pair of horns on your head.
You reflexively headbutt those who attack you in melee.


Message History

Unknown command.
You hit the gnoll but do no damage.
The gnoll is heavily wounded.
You slash the gnoll bouda!
The gnoll is no longer moving quickly.
The gnoll hits you from afar with a +0 spear.
The gnoll bouda hits you with a +0 whip.
You block the gnoll's attack.
The gnoll throws a throwing net.
The throwing net completely misses you.
The gnoll bouda hits you with a +0 whip.
Unknown command.
You hit the gnoll bouda but do no damage.
You headbutt the gnoll bouda, but do no damage.
The gnoll bouda is heavily wounded.
You hit the gnoll but do no damage.
The gnoll is no longer moving quickly.
The gnoll hits you with a +0 club. The gnoll hits you but does no damage.
The gnoll bouda barks out a call to the hunt!
The gnolls pick up the pace!
The gnoll hits you with a +0 club.
You are too injured to fight recklessly!
You are too injured to fight recklessly!
Unknown command.
Unknown command.
You are too injured to fight recklessly!
Unknown command.
You are too injured to fight recklessly!
You hit the gnoll. Your headbutt misses the gnoll.
The gnoll is severely wounded.
You hit the gnoll bouda. You block the gnoll's attack.
The gnoll bouda hits you with a +0 whip!
* * * LOW HITPOINT WARNING * * *
The gnoll hits you with a +0 club.
* * * LOW HITPOINT WARNING * * *
You hit the gnoll.
You kill the gnoll!
Okawaru accepts your kill.
You hit the gnoll bouda.
The gnoll hits you from afar with a +0 spear.
* * * LOW HITPOINT WARNING * * *
The gnoll bouda hits you with a +0 whip!
You die...

.##.#.. ..##
....... ......
....... ....#
..[.... ...# ...
....... ... #.###
.......##g# #...
......))..# #..#
.......@g# #..#
#...##(#.# #..# .
#.#.##########..#
#..............<#
#################


You could see a gnoll bouda and a gnoll (swift).

Vanquished Creatures
  2 orc priests (D:3)
  A hound (D:3)
  2 orc wizards (D:3)
  2 adders
  3 gnolls (D:4)
  5 orcs
  3 ball pythons (D:1)
  5 bats
  An endoplasm (D:1)
  A giant cockroach (D:3)
  4 goblins
  A hobgoblin (D:1)
  2 jackals (D:3)
  5 kobolds
  3 quokkas
  6 rats
46 creatures vanquished.

Notes
Turn   | Place    | Note
-------+----------+-------------------------------------------
     0 | D:1      | graymark the Minotaur Fighter began the quest for the Orb.
     0 | D:1      | Reached XP level 1. HP: 19/19 MP: 0/0
   199 | D:1      | Reached XP level 2. HP: 27/27 MP: 1/1
   760 | D:2      | Reached skill level 1 in Dodging
  1030 | D:2      | Reached XP level 3. HP: 33/33 MP: 2/2
  1380 | D:3      | Reached XP level 4. HP: 15/40 MP: 3/3
  1519 | D:3      | Reached XP level 5. HP: 47/47 MP: 4/4
  1614 | D:3      | Found a faded altar of an unknown god.
  1972 | D:3      | Found an iron altar of Okawaru.
  1980 | D:3      | Became a worshipper of Warmaster Okawaru
  2223 | D:4      | HP: 2/47 [gnoll/+0 spear[a gnoll bouda] (6)]
  2223 | D:4      | Slain by a gnoll bouda

Illustrated notes

Levels and vault maps discovered:
D:1:      tarquinn_simple_flora_water_b, layout_basic
D:2:      layout_loops_cross, minmay_misc_feat_chi
D:3:      layout_basic, kennysheep_okawaru_gauntlet,
          ebering_ecumenical_altar_abandoned
D:4:      layout_loops_ring, enter_ossuary_5, serial_shops, shop_fountains,
          grunt_decor_fettered, uniq_grinder, uniq_crazy_yiuf_cottage

Skill      XL: |  1  2  3  4 |
---------------+-------------+-----
Dodging        | 1 2 |  2.5
Armour         | 4 |  4.7
Shields        | 4 |  4.7
Fighting       | 4 |  4.7
Axes           | 3 |  3.8

Action                     |  1- 3 |  4- 6 || total
---------------------------+-------+-------++-------
  Melee: War axe           |    71 |    44 ||   115
         Headbutt          |     4 |     4 ||     8
    Use: Scroll            |     4 |       ||     4
         Potion            |     2 |       ||     2
 Armour: Scale mail        |    41 |    33 ||    74
  Dodge: Dodged            |    41 |    38 ||    79
  Block: Buckler           |    18 |    20 ||    38

Table legend: (Time is in decaauts)
 A = Elapsed time spent in this place.
 B = Non-inter-level travel time spent in this place.
 C = Inter-level travel time spent in this place.
 D = Time resting spent in this place.
 E = Time spent auto-exploring this place.
 F = Levels seen in this place.
 G = Mean time per level.
                   A        B        C        D        E       F      G
               +--------+--------+--------+--------+--------+-----+--------+
         Total |   2266 |   2199 |     67 |    113 |   1724 |   4 |  566.5 |
       Dungeon |   2266 |   2199 |     67 |    113 |   1724 |   4 |  566.5 |
               +--------+--------+--------+--------+--------+-----+--------+

Top non-repeatable levels by time:
     D:3: 882 daAuts
     D:1: 765 daAuts
     D:2: 583 daAuts
     D:4: 34 daAuts
